 Dungeon Crawl Stone Soup version 0.29-a0-323-g050149af67 (webtiles) character file.

Game seed: 18425027435375186151

92 GigaChad the Slasher (level 4, -6/41 HPs)
             Began as a Minotaur Chaos Knight on Apr 11, 2022.
             Was a Plaything of Xom.
             Mangled by an iguana (7 damage)
             ... on level 4 of the Dungeon.
             The game lasted 00:08:01 (1989 turns).

GigaChad the Slasher (Minotaur Chaos Knight)        Turns: 1989, Time: 00:08:01

Health: -6/41      AC:  6    Str: 16    XL:     4   Next: 35%
Magic:  3/3        EV:  9    Int:  9    God:    Xom [..*...]
Gold:   121        SH:  0    Dex: 12    Spells: 3/3 levels left

rFire   . . .      SeeInvis .   a - +0 falchion (chaos)
rCold   . . .      Faith    .   (no shield)
rNeg    . . .      Spirit   .   m - +0 scale mail
rPois   .          Reflect  .   (helmet restricted)
rElec   .          Harm     .   (no cloak)
rCorr   .          Rampage  .   (no gloves)
Will    .....                   (no boots)
Stlth   ..........              (no amulet)
HPRegen 0.13/turn               (no ring)
MPRegen 0.08/turn               (no ring)

@: no status effects
A: horns 2, retaliatory headbutt
a: Renounce Religion


You were on level 4 of the Dungeon.
You worshipped Xom.
You were a toy of Xom.
You visited 1 branch of the dungeon, and saw 4 of its levels.

You collected 121 gold pieces.

Inventory:

Hand Weapons
 a - a +0 falchion of chaos (weapon)
 l - a +2 dagger of pain
Missiles
 r - 6 atropa-tipped darts
Armour
 b - a +2 leather armour
 k - a +0 ring mail
 m - a +0 scale mail (worn)
 s - a +2 pair of gloves
Wands
 j - a wand of flame (24)
Scrolls
 e - a scroll of magic mapping {unknown}
 f - 2 scrolls of teleportation
 i - 3 scrolls of identify
 q - a scroll of blinking
 t - a scroll of immolation {unknown}
Potions
 d - 3 potions of attraction
 g - 2 potions of heal wounds {unknown}
 h - a potion of curing {unknown}
 n - a potion of invisibility {unknown}
 o - a potion of brilliance {unknown}
 p - a potion of magic {unknown}
Miscellaneous
 c - a piece from Xom's chessboard (15/15) (quivered)


   Skills:
 + Level 4.3 Fighting
 + Level 4.9 Long Blades
 + Level 3.5 Armour
 + Level 1.6 Dodging
 + Level 0.1 Stealth


You had 3 spell levels left.
You didn't know any spells.
Your spell library contained the following spells:

 Spells                   Type           Power      Damage    Failure   Level
 Stone Arrow              Conj/Erth      0%         3d7       99%         3
 Animate Armour           Summ/Erth      0%         N/A       100%        4
 Alistair's Intoxication  Tmut/Pois      0%         N/A       100%        5
 Borgnjor's Vile Clutch   Necr/Erth      0%         N/A       100%        5
 Eringya's Noxious Bog    Tmut/Pois      0%         N/A       100%        6
 Lehudib's Crystal Spear  Conj/Erth      0%         10d2      100%        8


Dungeon Overview and Level Annotations

Branches:
Dungeon (4/15)
 Temple: D:4-7

Altars:
Nemelex Xobeh


Innate Abilities, Weirdness & Mutations

You have a pair of horns on your head.
You reflexively headbutt those who attack you in melee.


Message History

You kill the endoplasm!
t - a scroll labelled TEZILU DOVOWAO You see here a hobgoblin corpse.
You see here a hobgoblin corpse.
A gnoll and an iguana come into view.
Found a stone staircase leading down.
The gnoll shouts!
The iguana hisses angrily.
You hear a shout!
A gnoll comes into view. It is wielding a +0 halberd.
A gnoll comes into view. It is wielding a +0 spear.
You hear a shout!
The iguana bites you!
You hit the iguana but do no damage.
You headbutt the iguana, but do no damage.
The iguana bites you.
You closely miss the iguana. You headbutt the iguana.
The iguana is lightly wounded.
The iguana bites you!
You closely miss the iguana. Your headbutt misses the iguana.
The iguana is lightly wounded.
The iguana bites you.
You hit the iguana.
The iguana is poisoned.
Your headbutt misses the iguana.
The iguana is heavily wounded.
The iguana bites you.
The iguana bites you but does no damage.
The gnoll hits you from afar with a +0 spear.
* * * LOW HITPOINT WARNING * * *
You hit the iguana.
The iguana is heavily wounded.
The gnoll hits you from afar with a +0 spear.
* * * LOW HITPOINT WARNING * * *
The iguana barely misses you.
You hit the iguana but do no damage. Your headbutt misses the iguana.
The iguana is heavily wounded.
The iguana bites you.
* * * LOW HITPOINT WARNING * * *
The gnoll hits you from afar with a +0 spear.
* * * LOW HITPOINT WARNING * * *
The iguana attacks as you move away! The iguana bites you!
You die...
Xom snickers!

# #..# #.# ##### #..#
#.###...## .# #..###.##.....#
.# # #.............# .#
#########........# .. ..#
###.....## .# #.# #..#.## .#
#.## #..#.#######.####..
...##### #..#..@lggg...$g.g.
.......####..#########.####.>
..###..#......###### .#
.##.##...##........## .#
.#...#...##.......... ..
###.####......# .#
..#'#..##.##..# .#
..).'._.#.##..# .#
.##.##.##.##..####


You could see an iguana (very poisoned) and 3 gnolls.

Vanquished Creatures
  A hound (D:3)
  An adder (D:2)
  2 worms (D:2)
  A dart slug (D:1)
  An orc (D:4)
  4 bats
  8 endoplasms
  2 giant cockroaches
  2 goblins (D:4)
  7 hobgoblins
  2 ball pythons (D:2)
  A frilled lizard (D:1)
  4 kobolds
  4 rats
40 creatures vanquished.

Notes
Turn   | Place    | Note
-------+----------+-------------------------------------------
     0 | D:1      | GigaChad the Minotaur Chaos Knight began the quest for the
                  | Orb.
     0 | D:1      | Reached XP level 1. HP: 19/19 MP: 0/0
   345 | D:1      | XOM: silly message
   350 | D:1      | XOM: potion effect (berserk rage)
   351 | D:1      | XOM: silly message
   362 | D:1      | Reached XP level 2. HP: 23/27 MP: 1/1
   730 | D:2      | Reached XP level 3. HP: 22/33 MP: 2/2
   781 | D:2      | XOM: noise
  1004 | D:2      | XOM: cloud trail
  1070 | D:2      | XOM: 2-stop teleportation journey
  1420 | D:3      | Reached XP level 4. HP: 38/41 MP: 3/3
  1427 | D:3      | XOM: divination: detect creatures
  1735 | D:4      | Found a sparkling altar of Nemelex Xobeh.
  1988 | D:4      | HP: 1/41 [gnoll/+0 spear (3)]
  1989 | D:4      | Mangled by an iguana

Illustrated notes

Levels and vault maps discovered:
D:1:      lemuel_arrival_room, layout_loops_ring,
          shapermc_ecumenical_altar_venn, minivault_25, serial_bayou_lake_a
D:2:      layout_basic
D:3:      layout_basic
D:4:      layout_loops_ring, nicolae_uskayaw_suspiria,
          nemelex_dance_club_becter, mainiacjoe_overflow_six_doors_small

Skill      XL: |  1  2 |
---------------+-------+-----
Long Blades    | 4 |  4.9
Fighting       | 4 |  4.3
Armour         | 3 |  3.5
Dodging        | |  1.6
Stealth        | |  0.1

Action                   |  1- 3 |  4- 6 || total
-------------------------+-------+-------++-------
Melee: Falchion          |    62 |    23 ||    85
       Headbutt          |     7 |     3 ||    10
Evoke: Wand              |     1 |       ||     1
  Use: Scroll            |     4 |       ||     4
Armor: Leather armour    |    18 |       ||    18
       Scale mail        |    12 |    14 ||    26
       Ring mail         |     2 |       ||     2
Dodge: Dodged            |    45 |    10 ||    55

Table legend: (Time is in decaauts)
 A = Elapsed time spent in this place.
 B = Non-inter-level travel time spent in this place.
 C = Inter-level travel time spent in this place.
 D = Time resting spent in this place.
 E = Time spent auto-exploring this place.
 F = Levels seen in this place.
 G = Mean time per level.
                   A        B        C        D        E       F      G
               +--------+--------+--------+--------+--------+-----+--------+
         Total |   2018 |   1991 |     27 |    126 |    221 |   4 |  504.5 |
       Dungeon |   2018 |   1991 |     27 |    126 |    221 |   4 |  504.5 |
               +--------+--------+--------+--------+--------+-----+--------+

Top non-repeatable levels by time:
     D:2: 639 daAuts
     D:3: 556 daAuts
     D:1: 497 daAuts
     D:4: 324 daAuts
